Cogmind - Beta 10.2 @@@ ROGUE MODE // 2021.10.02 @ 08:42:53 Player: Kom Result: Destroyed by G-34 Mercenary with Small Laser Performance ------------- Evolutions (0) 0 Regions Visited (2) 400 Robots Destroyed (8) 40 Value Destroyed (188) 188 Prototype IDs (2) 40 Alien Tech Used (0) 0 Bonus (0) 0 TOTAL SCORE: 668 Bonus ------- None Cogmind --------- Core Integrity 0/250 Matter 256/300 Energy 100/100 System Corruption 2% Temperature Cool (6) Movement Core (50) Location -10/Mines Parts ------- > --- POWER (1) -------- (None) > --- PROPULSION (2) --- (None) > --- UTILITY (2) ------ Hacking Suite > --- WEAPON (2) ------- (None) > --- INVENTORY (4) ---- Flight Unit VTOL Module VTOL Module VTOL Module Peak State ------------ > --- POWER ------------ Ion Engine > --- PROPULSION ------- VTOL Module VTOL Module > --- UTILITY ---------- Heat Sink Hacking Suite > --- WEAPON ----------- Plasma Cutter Plasma Cutter > --- INVENTORY -------- Large Storage Unit EM Pulse Gun Datajack [Rating: 13] Favorites ----------- Power Light Ion Engine Engine Light Ion Engine Propulsion Aluminum Leg Leg Aluminum Leg Flight Unit VTOL Module Utility Hacking Suite Device Heat Sink Storage Small Storage Unit Hackware Hacking Suite Weapon Assault Rifle Energy Gun EM Pulse Gun Energy Cannon Beam Cannon Ballistic Gun Assault Rifle Special Weapon Plasma Cutter Special Melee Weapon Datajack Build | -11 -10 -10 ------- Run | Scr Mat Min Slots Evolved . | . . . Power . | . . . Propulsion . | . . . Utility . | . . . Weapon . | . . . Parts Attached 21 | 4 15 2 Power 3 | 1 2 . Engine 3 | 1 2 . Core . | . . . Reactor . | . . . Propulsion 7 | 2 3 2 Treads . | . . . Leg 2 | 2 . . Wheel . | . . . Hover . | . . . Flight 5 | . 3 2 Utility 3 | 1 2 . Device 1 | . 1 . Storage 1 | 1 . . Processor . | . . . Hackware 1 | . 1 . Protection . | . . . Artifact . | . . . Weapon 8 | . 8 . Energy Gun 1 | . 1 . Energy Cannon 1 | . 1 . Ballistic Gun 1 | . 1 . Ballistic Cannon . | . . . Launcher . | . . . Special Weapon 4 | . 4 . Impact Weapon . | . . . Slashing Weapon . | . . . Piercing Weapon . | . . . Special Melee Weapon 1 | . 1 . Unidentified Prototypes . | . . . Parts Lost 7 | . 4 3 Power 1 | . . 1 Propulsion 2 | . 1 1 Utility . | . . . Weapon 4 | . 3 1 Highest Loss Streak 4 | . 4 3 Average Slot Usage (%) 71 | . 83 37 Engine 11 | . 14 5 Leg 14 | . 19 . Flight 9 | . 7 12 Device 4 | . 6 . Hackware 12 | . 11 14 Energy Gun 1 | . . 5 Energy Cannon 6 | . 8 . Ballistic Gun 7 | . 10 . Special Weapon 2 | . 3 . Naked Turns . | . . . Heaviest Build 11 | 7 11 7 Greatest Support 20 | 3 20 10 Greatest Overweight (x) 3 | 2 3 . Average Overweight (x) . | 1 . . Largest Inventory Capacity 6 | 6 6 4 Average Capacity 4 | 5 4 4 Most Carried 4 | 3 4 4 Average Carried 2 | 1 2 3 Final Capacity 6 | 6 4 4 Final Carried 4 | 3 1 4 Class Distribution -------------------- 100% | Mutant Dominant Class ---------------- Mutant | -10/Materials Mutant | -10/Mines Resources | -11 -10 -10 ----------- Run | Scr Mat Min Matter Collected 340 | 198 102 40 Remotely . | . . . Salvage Created 241 | . 146 95 Parts 16 | . 12 4 Haulers Intercepted . | . . . Recyclers Shooed . | . . . Parts Field Recycled . | . . . Retrieved Matter . | . . . Parts Self-Destructed . | . . . Prevented . | . . . Kills | -11 -10 -10 ------- Run | Scr Mat Min Combat Hostiles Destroyed 7 | . 3 4 Melee 1 | . . 1 Guns 3 | . . 3 Cannons 3 | . 3 . Classes Destroyed 5 | . 3 2 Operator 1 | . 1 . Watcher 1 | . 1 . Swarmer 2 | . . 2 Grunt 4 | . 3 1 Assembled 1 | . . 1 Best Kill Streak 3 | . 3 3 Combat Bots Only 3 | . 2 3 Max Kills in Single Turn 1 | . 1 1 Gunslinging . | . . . Exploded . | . . . Melee 1 | . . 1 Uniques/NPCs Destroyed . | . . . Combat | -11 -10 -10 -------- Run | Scr Mat Min Damage Taken 610 | . 274 336 Core 252 | . 64 188 Absorbed by Shields . | . . . Core Remaining (%) 100 | 100 . . Volleys Fired 38 | . 25 13 Largest 2 | . 2 1 Hottest 60 | . 60 40 Shots Fired 40 | . 27 13 Gun 23 | . 10 13 Cannon 10 | . 10 . Launcher . | . . . Special 7 | . 7 . Kinetic 10 | . 10 . Thermal 17 | . 17 . Explosive . | . . . Electromagnetic 13 | . . 13 Robot Hit Streak 5 | . 5 5 Robot Miss Streak 4 | . 4 1 Penetration Max . | . . . Secondary Targets . | . . . Shots Hit Robots 30 | . 20 10 Core Hits 18 | . 9 9 Critical Hits . | . . . Critical Kills . | . . . Critical Parts Destroyed . | . . . Melee Attacks 3 | . 3 . Impact . | . . . Slashing . | . . . Piercing . | . . . Sneak Attacks . | . . . Combat Hostiles . | . . . Follow-up Attacks . | . . . Damage Inflicted 423 | . 277 146 Guns 223 | . 94 129 Cannons 138 | . 138 . Explosions . | . . . Melee . | . . . Ramming 17 | . . 17 Kinetic 94 | . 94 . Thermal 183 | . 183 . Explosive . | . . . Electromagnetic 129 | . . 129 Impact . | . . . Slashing . | . . . Piercing . | . . . Highest Corruption 2 | . . 2 Average Corruption 2 | . . 2 Corruption Purged . | . . . Effects 2 | . . 2 Message Errors 1 | . . 1 Energy Discharges 1 | . . 1 Overload Shots . | . . . Overflow Damage . | . . . Projectiles . | . . . Explosions . | . . . Melee . | . . . Knockbacks . | . . . Impact . | . . . Kinetic . | . . . Secondary . | . . . Self-Inflicted Damage 7 | . . 7 Shots . | . . . Rammed 6 | . . 6 Targets Rammed 6 | . . 6 Kicked . | . . . Crushed . | . . . Highest Temperature 74 | . 74 62 Average Temperature 24 | . 26 21 Received Heat Transfer 189 | . 150 39 Siege Activations . | . . . Robots Corrupted . | . . . Combat Hostiles . | . . . Parts Fried . | . . . Impact Corruptions . | . . . Robots Melted . | . . . Combat Hostiles . | . . . Parts Melted . | . . . Heat Transferred 444 | . 444 . Parts Sabotaged . | . . . Parts Stolen . | . . . Parts Stripped . | . . . Power Chain Reactions . | . . . Missiles Intercepted . | . . . Alert | -11 -10 -10 ------- Run | Scr Mat Min Peak Influence 132 | . 107 132 Initial 17 | . . 17 Average 63 | . 60 98 Maximum Alert Level . | . . . Low Security (%) 100 | 100 100 100 Level 1 . | . . . Level 2 . | . . . Level 3 . | . . . Level 4 . | . . . Level 5 . | . . . High Security . | . . . Max Security . | . . . Squads Dispatched 3 | . 2 1 Investigation 2 | . 1 1 Extermination . | . . . Reinforcement 1 | . 1 . Assault . | . . . Garrison . | . . . Intercept . | . . . Construction Impeded . | . . . Haulers Reinforced . | . . . Stealth | -11 -10 -10 --------- Run | Scr Mat Min Distress Signals 2 | . 2 . Communications Jammed . | . . . Distress Signals . | . . . Times Spotted 19 | . 11 8 Peak Tracking Total 6 | . 6 4 Tactical Retreats 2 | . 1 1 Traps | -11 -10 -10 ------- Run | Scr Mat Min Traps Triggered 1 | . 1 . Indirectly . | . . . Trap Hack Attempts . | . . . Triggered . | . . . Disarmed . | . . . Reprogrammed . | . . . Reused . | . . . Traps Extracted . | . . . Installed . | . . . Triggered . | . . . Machines | -11 -10 -10 ---------- Run | Scr Mat Min Machines Disabled . | . . . Max in Single Turn . | . . . Machines Sabotaged . | . . . Garrisons Compromised . | . . . Overloaded Fab Kills . | . . . Fab Network Shutdowns . | . . . Hacking | -11 -10 -10 --------- Run | Scr Mat Min Machines Accessed 5 | . 4 1 Terminals 3 | . 3 . Fabricators . | . . . Repair Stations 1 | . 1 . Recycling Units . | . . . Scanalyzers . | . . . Garrison Access . | . . . Total Hacks 16 | . 15 1 Successful 13 | . 12 1 Failed 3 | . 3 . Catastrophic . | . . . Database Lockouts . | . . . Manual . | . . . Terminals 10 | . 10 . Fabricators . | . . . Repair Stations 5 | . 5 . Recycling Units . | . . . Scanalyzers . | . . . Garrison Access . | . . . Terminal Hacks 9 | . 8 1 Record 1 | . 1 . Prototype ID Bank 1 | . 1 . Open Door 1 | . . 1 Alert Level 1 | . 1 . Dispatch Records 1 | . 1 . Maintenance Status 2 | . 2 . Surveillance Status 1 | . 1 . Zone Layout 1 | . 1 . Fabricator Hacks . | . . . Repair Station Hacks 4 | . 4 . Scan Component 2 | . 2 . Repair 2 | . 2 . Recycling Unit Hacks . | . . . Scanalyzer . | . . . Garrison Access Hacks . | . . . Unauthorized Hacks . | . . . Terminals . | . . . Fabricators . | . . . Repair Stations . | . . . Recycling Units . | . . . Scanalyzers . | . . . Garrison Access . | . . . Data Cores Recovered . | . . . Used . | . . . Hacking Detections 3 | . 3 . Full Trace Events . | . . . Feedback Events . | . . . Feedback Blocked . | . . . Robot Schematics Acquired . | . . . Robots Built . | . . . Matter . | . . . Time . | . . . Total Robot Build Rating . | . . . Part Schematics Acquired . | . . . Parts Built . | . . . Matter . | . . . Time . | . . . Total Part Build Rating . | . . . Parts Repaired 2 | . 2 . Time 52 | . 52 . Parts Recycled . | . . . Recycled Matter . | . . . Retrieved Matter . | . . . Retrieved Components . | . . . Parts Scanalyzed . | . . . Part Schematics Acquired . | . . . Parts Damaged . | . . . Bothacking | -11 -10 -10 ------------ Run | Scr Mat Min Used RIF Installer . | . . . Robots Hacked 1 | . 1 . Non-combat . | . . . Combat 1 | . 1 . Robot Hacks Applied 1 | . 1 . parse_system 1 | . 1 . Relay Couplers Released . | . . . Robots Rewired . | . . . Allies Hacked . | . . . Hacks Repelled . | . . . Allies | -11 -10 -10 -------- Run | Scr Mat Min Total Allies . | . . . Largest Group . | . . . Highest-Rated Group . | . . . Highest-Rated Ally . | . . . Total Orders . | . . . Ally Attacks . | . . . Total Damage . | . . . Kills . | . . . Allies Corrupted . | . . . Allies Melted . | . . . Intel | -11 -10 -10 ------- Run | Scr Mat Min Robot Analysis Total . | . . . Derelict Logs Recovered 1 | . . 1 Drone Launches . | . . . Drone Recoveries . | . . . Exploration | -11 -10 -10 ------------- Run | Scr Mat Min Turns Passed 769 | 72 514 183 Spaces Moved 653 | 38 515 100 Core 108 | 38 62 8 Treads . | . . . Legs 196 | . 196 . Wheels . | . . . Hover . | . . . Flight 349 | . 257 92 Fastest Speed 37 | 50 37 37 Average Speed 75 | 146 77 38 Slowest Speed 200 | 150 200 50 Overloaded Moves . | . . . Propulsion Burnouts . | . . . Robots Hopped . | . . . Cave-ins Triggered . | . . . Exploration Rate (%) 33 | 4 65 32 Regions Visited 2 Branch Regions 1 Pre-discovered Areas . | . . . Known Exits Taken . | . . . Unknown Exits Taken 2 | 1 1 . Scrap Searched . | . . . Spaces Dug . | . . . Terrain Destroyed . | . . . Melee . | . . . Projectile . | . . . AOE . | . . . Terrain Rammed . | . . . Walls Destroyed . | . . . Machines Disabled . | . . . Actions | -11 -10 -10 --------- Run | Scr Mat Min Total 884 | 55 598 231 Wait 126 | 7 12 107 Move 651 | 37 514 100 Hop . | . . . Pick Up 24 | 7 15 2 Fast Attach . | . . . Attach 18 | 4 14 . Detach 2 | . 1 1 Swap 3 | . 1 2 Drop 10 | . 10 . Fire 38 | . 25 13 Melee 3 | . 3 . Ram 6 | . . 6 Kick . | . . . Crush . | . . . Escape Stasis . | . . . Rewire 3 | . 3 . Trap . | . . . Miscellaneous . | . . . Route ------- -11/Scrapyard -10/Materials (discovered 2 exits: [*Mat] / *Min) -10/Mines History --------- Turn | Location | Event 8 | -11/Scrapyard | Discovered new exit (range 16) 73 | -11/Scrapyard | Entered Materials 332 | -10/Materials | Build established: Mutant 387 | -10/Materials | Discovered new exit (range 16) 484 | -10/Materials | Discovered new exit (range 8) 545 | -10/Materials | Repaired Ion Engine 568 | -10/Materials | Lost 4 parts (1n3w) 571 | -10/Materials | Repaired Heat Sink? 587 | -10/Materials | Entered Mines 622 | -10/Mines | Learned Materials security intel 636 | -10/Mines | Met a Derelict shopkeep closing up shop 645 | -10/Mines | Excavation squad dispatched 645 | -10/Mines | A large section of the Mines collapsed 650 | -10/Mines | Core integrity fell below 50% 667 | -10/Mines | Met a Derelict bent on vengeance 675 | -10/Mines | Core integrity fell below 20% 691 | -10/Mines | Lost 3 parts (1p1n1w) 770 | -10/Mines | Destroyed by G-34 Mercenary with Small Laser Last Messages --------------- 00635_ Current location identified: Mines >>Open Door Sealed Doors opened. 00636_ 3Y-JRT(g): "Sorry, the Unaware have moved into these parts and I'm closing up shop. No more sales from me!" 00638_ ALERT: Derelict activity detected in mines. Dispatching investigation squad. 00640_ 3Y-JRT(g): "Grab stuff and run for it!" 00641_ Connecting with SHOP.Sys... 00645_ ALERT: Suspicious cave-in, suspected derelict activity in mines. Dispatching escorted excavation squad. 00653_ EM Pulse Gun destroyed. 00656_ Ion Engine destroyed. 00660_ Flight Unit destroyed. 00672_ Slammed into as-30792. 00678_ as-30792 destroyed. 00678_ Destabilizing: System corrupted (+2). 00679_ Acquired 20 matter. 00704_ XX6N6Q|&D28RV:R0LCPUYQN,19ZI 00744_ System corrupted: Energy discharge (-33). Map ----- +----------------------------------------------------+ | | | | | | | | | | | | | | | | | | | | | | | | | | | | | ???????????????????????????????????????? | | ???????????????????????????????????????? | | ????????????????#####?????????????????## | | ???????????????## ##???######??????## | | ???????????????# #??##""""##?????# | | ???????????????# ???#"*/!!"#?????# | | ???????????????# #???#"! !"#?????# | | ??????????????## ##??## ##??????# | | ????????????### #??### ###???????? | | ???????????##### #??# X #???????? | | ????????#### #;#####;#?## ####????? | | ????????# ##@ ### ##???? | | ???????# ####tt;g g ##### | | ???????# ### ## | | ???????### ???## #### | | ?????????#??????# ##??# ## | | ????????????????# #???# #### #### | | ????????????????# #??# #??####??# | | ???????????????? #? #???????## # | | ????????????????### ##???##### # | | ??????????????????# ##????# # | | ????????????????? #????# | | ????????????????? ?????## ## | | ??????????????????# #??????#########? | | ??????????????????? #????????????????? | | ???????????????????# ?????????????????? | | ????????????????????##?????????????????? | | ???????????????????????????????????????? | | ???????????????????????????????????????? | | ???????????????????????????????????????? | | ???????????????????????????????????????? | | ???????????????????????????????????????? | | ???????????????????????????????????????? | | ???????????????????????????????????????? | | ???????????????????????????????????????? | | ???????????????????????????????????????? | +----------------------------------------------------+ Best States ------------- Heat Dissipation 35 Energy Generation 10 Energy Capacity 250 Matter Stores 300 Matter Capacity 300 Sight Range 16 Terrain Scan Density 10 Evasion (%) 62 Offensive Hacking 10 Item Schematics ----------------- None Robot Schematics ------------------ None Fabricated ------------ Nothing Alien Tech Used ----------------- None Achievements -------------- Part-time Mechanic Challenges ------------ None Game ------ Seed MyomerSegregatorFirepult Manual? 0 Play Time 00:24:55 Cumulative 7.7 hours Start 2021.10.02 @ 08:16:28 End 2021.10.02 @ 08:42:53 Sessions 1 Manual Loads 0 Difficulty Rogue Special Mode None Game No. 13 Rogue 13 Adventurer 0 Explorer 0 Win Type - Total 0 Types 0/0/0/0/0/0/0/0/0 Lore% 3 Gallery% 15 Achievement% 1 Wizard Run 0 Options --------- ASCII 0 Keyboard 0 Movement Numpad Keybinds 0 Fullscreen 1 Font 24/Smallcaps Map View 76x50 Tactical HUD 1 Map Filters NONE Filters NONE Steam 1 RUN: 7b333436-6ffd-49c1-9169-77d15cdf927d